ANAHEIM vs COLUMBUS

Created - February-25-21 at 15:35

Goals
1 2 3 OT1 T
ANAHEIM 2 0 0 1 3
COLUMBUS 1 1 0 0 2
Shots
1 2 3 OT1 T
ANAHEIM 8 6 9 1 24
COLUMBUS 13 12 6 0 31

1st period

1. ANAHEIM , Evgeny Kuznetsov 8 (Trevor van Riemsdyk 6) at 8:45
2. COLUMBUS , Derek Grant 3 (Ryan Murray 6, Erik Cernak 8) at 9:43
3. ANAHEIM , Evgeny Kuznetsov 9 (Jason Zucker 12, Anton Stralman 9) at 9:55

Penalties :
Mike Green (ANA) for Slashing (Minor) at 4:28, Jacob Trouba (CBJ) for Hooking (Minor) at 12:49, Andreas Athanasiou (ANA) for Hooking (Minor) at 17:12

2nd period

4. COLUMBUS , Steven Stamkos 13 (Aleksander Barkov 22, Anthony Beauvillier 9) at 1:43

Penalties :
Andrew Shaw (ANA) for Hooking (Minor) at 4:30

3rd period

No Goal

Penalties :
Mike Green (ANA) for Interference (Minor) at 1:56, Ben Chiarot (CBJ) for Hooking (Minor) at 11:48, Sean Kuraly (CBJ) for Hooking (Minor) at 14:01, Jacob Trouba (CBJ) for Holding (Minor) at 16:21, Jake McCabe (ANA) for Holding (Minor) at 18:54

Overtime #1

5. ANAHEIM , Evgeny Kuznetsov 10 (Anton Stralman 10, Michael Frolik 7) at 2:12

Penalties :
No Penalty

Goalie Stats

Cam Talbot (ANA), 29 saves from 31 shots - (0.935), W, 11-11-6, 62:13 minutes
Mikko Koskinen (CBJ), 21 saves from 24 shots - (0.875), OTL, 12-9-2, 62:13 minutes

Players Stats for ANAHEIM

Player Name              G  A  P  +/- PIM S  H  SB GA TA FO     MP     PP MP  PK MP  
------------------------------------------------------------------------------------
Andreas Athanasiou       0  0  0  -1  2   2  1  0  0  0  1/2    18:54   4:06   0:00 
Andrew Shaw              0  0  0  -1  2   3  2  0  0  0  2/2    17:06   0:00   0:00 
Anton Stralman           0  2  2   2  0   2  0  1  0  0  0/0    23:50   4:18   5:38 
C.J. Smith               0  0  0   0  0   0  0  0  0  0  0/0     1:35   0:00   0:00 
Caleb Jones              0  0  0  -2  0   0  1  0  0  0  0/0    16:13   0:00   0:00 
Casey Nelson             0  0  0   0  0   0  0  0  0  0  0/0     3:17   0:00   0:20 
Chris Wagner             0  0  0   0  0   0  0  0  0  0  0/0     1:00   0:00   0:00 
Evgeny Kuznetsov         3  0  3   3  0   6  0  2  0  0  18/31  24:12   3:50   6:24 
Jake McCabe              0  0  0   1  2   1  3  0  0  0  0/0    20:10   3:38   3:15 
Jason Zucker             0  1  1   2  0   5  1  0  0  0  2/3    18:33   3:50   2:42 
Joel Edmundson           0  0  0   1  0   1  3  0  0  0  0/0    20:31   4:18   5:38 
Michael Frolik           0  1  1   0  0   0  0  0  0  0  0/1    18:00   0:00   2:03 
Mike Green               0  0  0  -2  4   0  1  1  0  0  0/0    18:10   0:00   1:02 
Nate Thompson            0  0  0  -1  0   1  2  0  0  0  8/16   15:35   0:00   0:00 
Patric Hornqvist         0  0  0   2  0   0  1  0  0  0  2/4    18:33   3:50   2:42 
Pierre-Luc Dubois        0  0  0  -1  0   1  0  0  0  0  12/22  23:03   4:06   5:05 
Trevor van Riemsdyk      0  1  1   1  0   1  0  3  0  0  0/0    20:53   3:38   3:57 
Zach Sanford             0  0  0  -1  0   1  0  0  0  0  0/0    17:58   4:06   0:00 

Players Stats for COLUMBUS

Player Name              G  A  P  +/- PIM S  H  SB GA TA FO     MP     PP MP  PK MP  
------------------------------------------------------------------------------------
Aleksander Barkov        0  1  1  -2  0   5  0  0  0  0  14/25  23:28   3:58   4:40 
Anthony Beauvillier      0  1  1  -1  0   1  1  0  0  0  1/5    17:18   3:58   0:00 
Ben Chiarot              0  0  0  -1  2   2  2  1  0  0  0/0    20:32   4:02   2:58 
Cam Atkinson             0  0  0   1  0   0  0  0  0  0  1/3    14:30   0:00   3:09 
Carl Gunnarsson          0  0  0   0  0   0  0  0  0  0  0/0     3:38   0:00   0:00 
Derek Grant              1  0  1   1  0   1  0  0  0  0  3/10   11:21   0:00   0:00 
Erik Cernak              0  1  1   1  0   0  4  0  0  0  0/0    12:55   0:00   0:00 
Jack Roslovic            0  0  0   0  0   0  0  0  0  0  5/11    7:43   0:00   1:02 
Jacob Trouba             0  0  0  -2  4   0  2  0  0  0  0/0    20:45   4:02   1:53 
John Carlson             0  0  0   0  0   1  3  2  0  0  0/0    26:22   4:59   3:54 
Jonathan Drouin          0  0  0   0  0   3  1  0  0  0  0/0    17:27   5:03   0:00 
Kaapo Kakko              0  0  0   0  0   2  0  0  0  0  0/0     5:58   0:00   0:00 
Luke Kunin               0  0  0   0  0   3  2  0  0  0  9/18   17:27   5:03   0:00 
Marcus Sorensen          0  0  0   0  0   1  0  0  0  0  0/0     6:41   0:00   0:00 
Mattias Ekholm           0  0  0   0  0   3  3  0  0  0  0/0    22:44   4:59   3:54 
Ryan Murray              0  1  1   1  0   0  0  3  0  0  0/0    16:08   0:00   3:13 
Sean Kuraly              0  0  0   0  2   1  2  0  0  0  0/1    11:56   0:00   0:00 
Steven Stamkos           1  0  1  -1  0   6  4  0  0  0  2/3    22:04   3:58   3:52 
T.J. Oshie               0  0  0   0  0   2  2  0  0  0  1/5    20:36   5:03   3:09 

3 Stars

1 - Evgeny Kuznetsov (ANA)
2 - Anton Stralman (ANA)
3 - Jason Zucker (ANA)

Power Play

ANAHEIM - 0 on 4 Attempt(s) - 0.00%
COLUMBUS - 0 on 5 Attempt(s) - 0.00%

Penalty Kill

ANAHEIM - 5 on 5 Attempt(s) - 100.00% - Score 0 goal in Penalty Kill
COLUMBUS - 4 on 4 Attempt(s) - 100.00% - Score 0 goal in Penalty Kill

Team Stat

ANAHEIM - Hits : 15 - Faceoff Wins : 45 - Blocked Shots : 7 - Penalty Minutes : 10
COLUMBUS - Hits : 26 - Faceoff Wins : 36 - Blocked Shots : 6 - Penalty Minutes : 8

Official

Referees : Brett Roeland and Steve Kozari
Linesman : James Tobias and Robb Harrell

Game Notes

Evgeny Kuznetsov has scored a Hat Trick!

Finance

Level 1 -- Attendance: 5315 (88.58%) -- Ticket Income $478,350
Level 2 -- Attendance: 4604 (92.08%) -- Ticket Income $230,200
Level 3 -- Attendance: 1992 (99.60%) -- Ticket Income $59,760
Level 4 -- Attendance: 4000 (100.00%) -- Ticket Income $60,000
Luxury Box -- Attendance: 1000 (100.00%) -- Ticket Income $180,000
Game was played at the Nationwide Arena.
Total Attendance: 16911 (93.95%)
Total Ticket Income: $1,008,310
Total Income: $1,008,310

ANAHEIM

5 vs 5 Forward 
   Center                   Left Wing                Right Wing               Time % Phy DF OF 
 1 Evgeny Kuznetsov         Jason Zucker             Patric Hornqvist         35     1   2  2  
 2 Pierre-Luc Dubois        Andreas Athanasiou       Zach Sanford             30     1   2  2  
 3 Nate Thompson            Michael Frolik           Andrew Shaw              25     1   2  2  
 4 Andrew Shaw              C.J. Smith               Evgeny Kuznetsov         10     1   2  2  

5 vs 5 Defense 
   Defense                  Defense                                           Time % Phy DF OF 
 1 Anton Stralman           Joel Edmundson                                    35     1   2  2  
 2 Jake McCabe              Trevor van Riemsdyk                               30     1   2  2  
 3 Caleb Jones              Mike Green                                        25     1   2  2  
 4 Casey Nelson             Anton Stralman                                    10     1   2  2  

PowerPlay Forward 
   Center                   Left Wing                Right Wing               Time % Phy DF OF 
 1 Evgeny Kuznetsov         Jason Zucker             Patric Hornqvist         60     1   2  2  
 2 Pierre-Luc Dubois        Andreas Athanasiou       Zach Sanford             40     1   2  2  

PowerPlay Defense
   Defense                  Defense                                           Time % Phy DF OF 
 1 Anton Stralman           Joel Edmundson                                    60     1   2  2  
 2 Jake McCabe              Trevor van Riemsdyk                               40     1   2  2  

Penalty Kill 4 Players Forward 
   Center                   Wing                     Time % Phy DF OF 
 1 Evgeny Kuznetsov         Pierre-Luc Dubois        60     1   2  2  
 2 Jason Zucker             Patric Hornqvist         40     1   2  2  

Penalty Kill 4 Players Defense
   Defense                  Defense                  Time % Phy DF OF 
 1 Anton Stralman           Joel Edmundson           60     1   2  2  
 2 Jake McCabe              Trevor van Riemsdyk      40     1   2  2  

Penalty Kill - 3 Players Forward 
   Forward                                           Time % Phy DF OF 
 1 Evgeny Kuznetsov                                  60     1   2  2  
 2 Pierre-Luc Dubois                                 40     1   2  2  

Penalty Kill - 3 Players Defense
   Defense                  Defense                  Time % Phy DF OF 
 1 Anton Stralman           Joel Edmundson           60     1   2  2  
 2 Jake McCabe              Trevor van Riemsdyk      40     1   2  2  

4 vs 4 Forward 
   Center                   Wing                     Time % Phy DF OF 
 1 Evgeny Kuznetsov         Pierre-Luc Dubois        60     1   2  2  
 2 Jason Zucker             Patric Hornqvist         40     1   2  2  

4 vs 4 Defense
   Defense                  Defense                  Time % Phy DF OF 
 1 Anton Stralman           Joel Edmundson           60     1   2  2  
 2 Jake McCabe              Trevor van Riemsdyk      40     1   2  2  

Last Minutes Offensive
   Center                   Left Wing                Right Wing               Defense                  Defense                  
   Evgeny Kuznetsov         Jason Zucker             Patric Hornqvist         Anton Stralman           Joel Edmundson           

Last Minutes Defensive
   Center                   Left Wing                Right Wing               Defense                  Defense                  
   Evgeny Kuznetsov         Jason Zucker             Patric Hornqvist         Anton Stralman           Joel Edmundson           

Goaltenders
Starting : Cam Talbot               
Backup : Juuse Saros              

Extra Forwards
Normal : Chris Wagner, Nate Thompson, Michael Frolik - PP : Chris Wagner, Nate Thompson - PK : Michael Frolik
Extra Defensemen
Normal : Caleb Jones, Mike Green, Casey Nelson - PP : Caleb Jones - PK : Mike Green, Casey Nelson
Penalty Shots
Evgeny Kuznetsov, Pierre-Luc Dubois, Jason Zucker, Patric Hornqvist, Andreas Athanasiou

Scratches
Connor McDavid (Healthy)

COLUMBUS

5 vs 5 Forward 
   Center                   Left Wing                Right Wing               Time % Phy DF OF 
 1 Aleksander Barkov        Anthony Beauvillier      Steven Stamkos           35     1   2  2  
 2 Luke Kunin               Jonathan Drouin          T.J. Oshie               30     1   2  2  
 3 Derek Grant              Sean Kuraly              Cam Atkinson             25     1   2  2  
 4 Jack Roslovic            Marcus Sorensen          Kaapo Kakko              10     1   2  2  

5 vs 5 Defense 
   Defense                  Defense                                           Time % Phy DF OF 
 1 John Carlson             Mattias Ekholm                                    35     1   2  2  
 2 Jacob Trouba             Ben Chiarot                                       30     1   2  2  
 3 Erik Cernak              Ryan Murray                                       25     1   2  2  
 4 Carl Gunnarsson          John Carlson                                      10     1   2  2  

PowerPlay Forward 
   Center                   Left Wing                Right Wing               Time % Phy DF OF 
 1 Aleksander Barkov        Anthony Beauvillier      Steven Stamkos           60     1   2  2  
 2 Luke Kunin               Jonathan Drouin          T.J. Oshie               40     1   2  2  

PowerPlay Defense
   Defense                  Defense                                           Time % Phy DF OF 
 1 John Carlson             Mattias Ekholm                                    60     1   2  2  
 2 Jacob Trouba             Ben Chiarot                                       40     1   2  2  

Penalty Kill 4 Players Forward 
   Center                   Wing                     Time % Phy DF OF 
 1 Aleksander Barkov        Steven Stamkos           60     1   2  2  
 2 T.J. Oshie               Cam Atkinson             40     1   2  2  

Penalty Kill 4 Players Defense
   Defense                  Defense                  Time % Phy DF OF 
 1 John Carlson             Mattias Ekholm           60     1   2  2  
 2 Jacob Trouba             Ben Chiarot              40     1   2  2  

Penalty Kill - 3 Players Forward 
   Forward                                           Time % Phy DF OF 
 1 Aleksander Barkov                                 60     1   2  2  
 2 Steven Stamkos                                    40     1   2  2  

Penalty Kill - 3 Players Defense
   Defense                  Defense                  Time % Phy DF OF 
 1 John Carlson             Mattias Ekholm           60     1   2  2  
 2 Jacob Trouba             Ben Chiarot              40     1   2  2  

4 vs 4 Forward 
   Center                   Wing                     Time % Phy DF OF 
 1 Aleksander Barkov        Steven Stamkos           60     1   2  2  
 2 T.J. Oshie               Cam Atkinson             40     1   2  2  

4 vs 4 Defense
   Defense                  Defense                  Time % Phy DF OF 
 1 John Carlson             Mattias Ekholm           60     1   2  2  
 2 Jacob Trouba             Ben Chiarot              40     1   2  2  

Last Minutes Offensive
   Center                   Left Wing                Right Wing               Defense                  Defense                  
   Aleksander Barkov        Anthony Beauvillier      Steven Stamkos           John Carlson             Mattias Ekholm           

Last Minutes Defensive
   Center                   Left Wing                Right Wing               Defense                  Defense                  
   Aleksander Barkov        Anthony Beauvillier      Steven Stamkos           John Carlson             Mattias Ekholm           

Goaltenders
Starting : Mikko Koskinen           
Backup : David Rittich            

Extra Forwards
Normal : Derek Grant, Sean Kuraly, Jack Roslovic - PP : Derek Grant, Sean Kuraly - PK : Jack Roslovic
Extra Defensemen
Normal : Erik Cernak, Ryan Murray, Carl Gunnarsson - PP : Erik Cernak - PK : Ryan Murray, Carl Gunnarsson
Penalty Shots
Aleksander Barkov, Steven Stamkos, T.J. Oshie, Cam Atkinson, Anthony Beauvillier

Scratches
Emil Bemstrom (Healthy), CBJ Cap Hit (Suspend)

% Time on Ice - ANAHEIM

Lines # - Real PCT - Wanted PCT - Time Play
Normal Forward
1 - 28% - 35% - 12:01
2 - 32% - 30% - 13:52
3 - 36% - 25% - 15:35
4 - 4% - 10% - 1:35
Normal Defense
1 - 25% - 35% - 10:35
2 - 31% - 30% - 13:18
3 - 38% - 25% - 16:13
4 - 7% - 10% - 2:57
PP Forward
1 - 48% - 60% - 3:50
2 - 52% - 40% - 4:06
PP Defense
1 - 54% - 60% - 4:18
2 - 46% - 40% - 3:38
PK Forward
1 - 70% - 60% - 6:19
2 - 30% - 40% - 2:42
PK Defense
1 - 57% - 60% - 5:09
2 - 43% - 40% - 3:52
PK3 Forward
1 - 91% - 60% - 0:49
2 - 9% - 40% - 0:05
PK3 Defense
1 - 91% - 60% - 0:49
2 - 9% - 40% - 0:05
44 Forward
1 - 0% - 60%
2 - 0% - 40%
44 Defense
1 - 0% - 60%
2 - 0% - 40%
Last Minute Offensive  - 0:00
Last Minute Defensive  - 0:00
Total
Forward - 60:54
Defense - 60:54

% Time on Ice - COLUMBUS

Lines # - Real PCT - Wanted PCT - Time Play
Normal Forward
1 - 31% - 35% - 13:20
2 - 29% - 30% - 12:24
3 - 26% - 25% - 11:21
4 - 14% - 10% - 5:58
Normal Defense
1 - 30% - 35% - 12:57
2 - 31% - 30% - 13:33
3 - 30% - 25% - 12:55
4 - 8% - 10% - 3:38
PP Forward
1 - 44% - 60% - 3:58
2 - 56% - 40% - 5:03
PP Defense
1 - 55% - 60% - 4:59
2 - 45% - 40% - 4:02
PK Forward
1 - 60% - 60% - 4:47
2 - 40% - 40% - 3:09
PK Defense
1 - 49% - 60% - 3:54
2 - 51% - 40% - 4:02
PK3 Forward
1 - 0% - 60%
2 - 0% - 40%
PK3 Defense
1 - 0% - 60%
2 - 0% - 40%
44 Forward
1 - 100% - 60% - 0:54
2 - 0% - 40% - 0:00
44 Defense
1 - 100% - 60% - 0:54
2 - 0% - 40% - 0:00
Last Minute Offensive  - 0:00
Last Minute Defensive  - 0:00
Total
Forward - 60:54
Defense - 60:54

Play-by-Play

1st period


0:01 of 1st period - Steven Stamkos wins face-off versus Evgeny Kuznetsov in neutral zone.
0:26 of 1st period - Aleksander Barkov is hit by Joel Edmundson and loses puck.
0:33 of 1st period - John Carlson is hit by Jason Zucker and loses puck.
1:11 of 1st period - Andreas Athanasiou is hit by T.J. Oshie and loses puck.
1:28 of 1st period - Shot by Jonathan Drouin.
1:28 of 1st period - Stopped by Cam Talbot without a rebound.
1:29 of 1st period - Nate Thompson wins face-off versus Cam Atkinson in ANAHEIM zone.
1:37 of 1st period - Icing by Caleb Jones.
1:38 of 1st period - Jack Roslovic wins face-off versus Nate Thompson in ANAHEIM zone.
2:08 of 1st period - Shot by Andrew Shaw.
2:08 of 1st period - Stopped by Mikko Koskinen without a rebound.
2:09 of 1st period - Evgeny Kuznetsov wins face-off versus Derek Grant in COLUMBUS zone.
2:09 of 1st period - Evgeny Kuznetsov is hit by Jacob Trouba.
2:24 of 1st period - Cam Atkinson is hit by Patric Hornqvist and loses puck.
2:28 of 1st period - Icing by Ben Chiarot.
2:29 of 1st period - Derek Grant wins face-off versus Pierre-Luc Dubois in COLUMBUS zone.
2:48 of 1st period - Shot by Pierre-Luc Dubois.
2:48 of 1st period - Shot Misses the Net.
3:10 of 1st period - Icing by Jacob Trouba.
3:11 of 1st period - Andrew Shaw wins face-off versus Derek Grant in COLUMBUS zone.
3:40 of 1st period - Shot by Evgeny Kuznetsov.
3:40 of 1st period - Shot Misses the Net.
3:42 of 1st period - Shot by Anton Stralman.
3:42 of 1st period - Shot Misses the Net.
3:44 of 1st period - Shot by Joel Edmundson.
3:44 of 1st period - Stopped by Mikko Koskinen without a rebound.
3:45 of 1st period - Evgeny Kuznetsov wins face-off versus Aleksander Barkov in COLUMBUS zone.
3:50 of 1st period - Shot by Jason Zucker.
3:50 of 1st period - Stopped by Mikko Koskinen without a rebound.
3:51 of 1st period - Pierre-Luc Dubois wins face-off versus T.J. Oshie in COLUMBUS zone.
4:02 of 1st period - T.J. Oshie is hit by Andreas Athanasiou and loses puck.
4:14 of 1st period - Jonathan Drouin is hit by Mike Green and loses puck.
4:28 of 1st period - Minor Penalty to Mike Green for Slashing.
4:29 of 1st period - Aleksander Barkov wins face-off versus Evgeny Kuznetsov in ANAHEIM zone.
4:38 of 1st period - Shot by Aleksander Barkov.
4:38 of 1st period - Deflect By Steven Stamkos.
4:38 of 1st period - Shot Misses the Net.
4:40 of 1st period - Shot by Jacob Trouba.
4:40 of 1st period - Shot Blocked by Evgeny Kuznetsov.
4:42 of 1st period - Shot by Jacob Trouba.
4:42 of 1st period - Deflect By Steven Stamkos.
4:42 of 1st period - Stopped by Cam Talbot with a rebound.
5:05 of 1st period - Shot by Jacob Trouba.
5:05 of 1st period - Shot Blocked by Evgeny Kuznetsov.
5:07 of 1st period - Shot by Ben Chiarot.
5:07 of 1st period - Stopped by Cam Talbot with a rebound.
5:57 of 1st period - Shot by Mattias Ekholm.
5:57 of 1st period - Stopped by Cam Talbot with a rebound.
5:59 of 1st period - Shot by Mattias Ekholm.
5:59 of 1st period - Stopped by Cam Talbot without a rebound.
6:00 of 1st period - Jason Zucker wins face-off versus Luke Kunin in ANAHEIM zone.
6:26 of 1st period - Jason Zucker is hit by Luke Kunin and loses puck.
7:57 of 1st period - Icing by John Carlson.
7:58 of 1st period - Evgeny Kuznetsov wins face-off versus Jack Roslovic in COLUMBUS zone.
8:01 of 1st period - Shot by Jason Zucker.
8:01 of 1st period - Shot Misses the Net.
8:04 of 1st period - Icing by Marcus Sorensen.
8:05 of 1st period - Evgeny Kuznetsov wins face-off versus Jack Roslovic in COLUMBUS zone.
8:10 of 1st period - Shot by Jason Zucker.
8:10 of 1st period - Stopped by Mikko Koskinen without a rebound.
8:11 of 1st period - Aleksander Barkov wins face-off versus Evgeny Kuznetsov in COLUMBUS zone.
8:24 of 1st period - Shot by Aleksander Barkov.
8:24 of 1st period - Stopped by Cam Talbot with a rebound.
8:45 of 1st period - Shot by Evgeny Kuznetsov.
8:45 of 1st period - Goal by Evgeny Kuznetsov - ANAHEIM : 1 - COLUMBUS : 0.
8:46 of 1st period - Nate Thompson wins face-off versus T.J. Oshie in neutral zone.
9:16 of 1st period - Jonathan Drouin is hit by Caleb Jones and loses puck.
9:27 of 1st period - Shot by Jonathan Drouin.
9:27 of 1st period - Shot Misses the Net.
9:41 of 1st period - Shot by Ryan Murray.
9:41 of 1st period - Shot Misses the Net.
9:43 of 1st period - Shot by Derek Grant.
9:43 of 1st period - Goal by Derek Grant - ANAHEIM : 1 - COLUMBUS : 1.
9:44 of 1st period - Evgeny Kuznetsov wins face-off versus Anthony Beauvillier in neutral zone.
9:44 of 1st period - Jason Zucker is hit by Steven Stamkos and loses puck.
9:48 of 1st period - Anton Stralman is hit by Jacob Trouba and loses puck.
9:55 of 1st period - Shot by Jason Zucker.
9:55 of 1st period - Deflect By Evgeny Kuznetsov.
9:55 of 1st period - Goal by Evgeny Kuznetsov - ANAHEIM : 2 - COLUMBUS : 1.
9:56 of 1st period - Derek Grant wins face-off versus Pierre-Luc Dubois in neutral zone.
10:23 of 1st period - Shot by Cam Atkinson.
10:23 of 1st period - Shot Hit the Post.
10:25 of 1st period - Shot by Erik Cernak.
10:25 of 1st period - Shot Misses the Net.
11:01 of 1st period - Icing by Jake McCabe.
11:02 of 1st period - Luke Kunin wins face-off versus Pierre-Luc Dubois in ANAHEIM zone.
11:15 of 1st period - Shot by Ben Chiarot.
11:15 of 1st period - Shot Blocked by Trevor van Riemsdyk.
11:17 of 1st period - Shot by Ben Chiarot.
11:17 of 1st period - Stopped by Cam Talbot without a rebound.
11:18 of 1st period - Aleksander Barkov wins face-off versus Evgeny Kuznetsov in ANAHEIM zone.
11:23 of 1st period - Shot by Aleksander Barkov.
11:23 of 1st period - Stopped by Cam Talbot without a rebound.
11:24 of 1st period - Evgeny Kuznetsov wins face-off versus Anthony Beauvillier in ANAHEIM zone.
11:37 of 1st period - Jason Zucker is hit by Steven Stamkos and loses puck.
12:29 of 1st period - Shot by Jonathan Drouin.
12:29 of 1st period - Stopped by Cam Talbot without a rebound.
12:30 of 1st period - Andrew Shaw wins face-off versus Jack Roslovic in ANAHEIM zone.
12:35 of 1st period - Ben Chiarot is hit by Andrew Shaw and loses puck.
12:49 of 1st period - Minor Penalty to Jacob Trouba for Hooking.
12:50 of 1st period - Aleksander Barkov wins face-off versus Pierre-Luc Dubois in COLUMBUS zone.
13:25 of 1st period - Icing by Jake McCabe.
13:26 of 1st period - Pierre-Luc Dubois wins face-off versus T.J. Oshie in ANAHEIM zone.
14:01 of 1st period - Shot by Steven Stamkos.
14:01 of 1st period - Stopped by Cam Talbot without a rebound.
14:02 of 1st period - Evgeny Kuznetsov wins face-off versus Aleksander Barkov in ANAHEIM zone.
14:15 of 1st period - Shot by Joel Edmundson.
14:15 of 1st period - Shot Blocked by Ryan Murray.
14:49 of 1st period - Shot by Pierre-Luc Dubois.
14:49 of 1st period - Shot Misses the Net.
15:10 of 1st period - Michael Frolik is hit by Erik Cernak and loses puck.
15:17 of 1st period - Shot by Andrew Shaw.
15:17 of 1st period - Stopped by Mikko Koskinen with a rebound.
15:19 of 1st period - Shot by Caleb Jones.
15:19 of 1st period - Shot Blocked by Ryan Murray.
15:34 of 1st period - Icing by Ryan Murray.
15:35 of 1st period - Jack Roslovic wins face-off versus Pierre-Luc Dubois in COLUMBUS zone.
15:41 of 1st period - Andreas Athanasiou is hit by Erik Cernak and loses puck.
15:48 of 1st period - Shot by Pierre-Luc Dubois.
15:48 of 1st period - Stopped by Mikko Koskinen without a rebound.
15:49 of 1st period - Luke Kunin wins face-off versus Evgeny Kuznetsov in COLUMBUS zone.
16:06 of 1st period - Shot by Jonathan Drouin.
16:06 of 1st period - Deflect By T.J. Oshie.
16:06 of 1st period - Stopped by Cam Talbot without a rebound.
16:07 of 1st period - Pierre-Luc Dubois wins face-off versus Aleksander Barkov in ANAHEIM zone.
16:09 of 1st period - Icing by Jake McCabe.
16:10 of 1st period - Aleksander Barkov wins face-off versus Andreas Athanasiou in ANAHEIM zone.
16:34 of 1st period - Steven Stamkos is hit by Jake McCabe and loses puck.
16:51 of 1st period - Shot by Aleksander Barkov.
16:51 of 1st period - Shot Misses the Net.
17:12 of 1st period - Minor Penalty to Andreas Athanasiou for Hooking.
17:13 of 1st period - Evgeny Kuznetsov wins face-off versus Luke Kunin in ANAHEIM zone.
17:40 of 1st period - Shot by Mattias Ekholm.
17:40 of 1st period - Stopped by Cam Talbot without a rebound.
17:41 of 1st period - Evgeny Kuznetsov wins face-off versus Aleksander Barkov in ANAHEIM zone.
18:41 of 1st period - Shot by Jonathan Drouin.
18:41 of 1st period - Shot Blocked by Trevor van Riemsdyk.
19:42 of 1st period - Off-side.
19:43 of 1st period - Evgeny Kuznetsov wins face-off versus Jack Roslovic in neutral zone.
19:58 of 1st period - Shot by Marcus Sorensen.
19:58 of 1st period - Shot Blocked by Anton Stralman.
Goals for this period are 2 for ANAHEIM vs 1 for COLUMBUS.
Shots for this period are 8 for ANAHEIM vs 13 for COLUMBUS.

2nd period


0:01 of 2nd period - Patric Hornqvist wins face-off versus Luke Kunin in neutral zone.
0:07 of 2nd period - Evgeny Kuznetsov is hit by John Carlson.
0:10 of 2nd period - Icing by John Carlson.
0:11 of 2nd period - Nate Thompson wins face-off versus Luke Kunin in COLUMBUS zone.
0:11 of 2nd period - Nate Thompson is hit by Mattias Ekholm.
0:13 of 2nd period - Shot by Michael Frolik.
0:13 of 2nd period - Shot Misses the Net.
0:16 of 2nd period - Michael Frolik is hit by Mattias Ekholm and loses puck.
0:26 of 2nd period - Michael Frolik is hit by John Carlson and loses puck.
0:45 of 2nd period - Shot by Michael Frolik.
0:45 of 2nd period - Shot Misses the Net.
1:15 of 2nd period - Shot by Trevor van Riemsdyk.
1:15 of 2nd period - Stopped by Mikko Koskinen without a rebound.
1:16 of 2nd period - Pierre-Luc Dubois wins face-off versus Anthony Beauvillier in COLUMBUS zone.
1:31 of 2nd period - Shot by Aleksander Barkov.
1:31 of 2nd period - Shot Misses the Net.
1:37 of 2nd period - Shot by Anthony Beauvillier.
1:37 of 2nd period - Shot Misses the Net.
1:41 of 2nd period - Shot by Aleksander Barkov.
1:41 of 2nd period - Stopped by Cam Talbot with a rebound.
1:43 of 2nd period - Shot by Steven Stamkos.
1:43 of 2nd period - Goal by Steven Stamkos - ANAHEIM : 2 - COLUMBUS : 2.
1:44 of 2nd period - Derek Grant wins face-off versus Evgeny Kuznetsov in neutral zone.
1:53 of 2nd period - Shot by Ryan Murray.
1:53 of 2nd period - Shot Blocked by Trevor van Riemsdyk.
1:55 of 2nd period - Shot by Sean Kuraly.
1:55 of 2nd period - Stopped by Cam Talbot without a rebound.
1:56 of 2nd period - Jack Roslovic wins face-off versus Nate Thompson in ANAHEIM zone.
1:56 of 2nd period - Jack Roslovic is hit by Joel Edmundson.
2:07 of 2nd period - Icing by Michael Frolik.
2:08 of 2nd period - Aleksander Barkov wins face-off versus Nate Thompson in ANAHEIM zone.
2:15 of 2nd period - Shot by Steven Stamkos.
2:15 of 2nd period - Stopped by Cam Talbot with a rebound.
2:17 of 2nd period - Shot by Aleksander Barkov.
2:17 of 2nd period - Stopped by Cam Talbot without a rebound.
2:18 of 2nd period - Luke Kunin wins face-off versus Evgeny Kuznetsov in ANAHEIM zone.
2:48 of 2nd period - Evgeny Kuznetsov is hit by John Carlson and loses puck.
2:59 of 2nd period - Shot by John Carlson.
2:59 of 2nd period - Shot Misses the Net.
3:51 of 2nd period - Shot by Andreas Athanasiou.
3:51 of 2nd period - Stopped by Mikko Koskinen without a rebound.
3:52 of 2nd period - Nate Thompson wins face-off versus Derek Grant in COLUMBUS zone.
4:30 of 2nd period - Minor Penalty to Andrew Shaw for Hooking.
4:31 of 2nd period - Evgeny Kuznetsov wins face-off versus Luke Kunin in ANAHEIM zone.
4:46 of 2nd period - Shot by John Carlson.
4:46 of 2nd period - Shot Misses the Net.
4:48 of 2nd period - Shot by Mattias Ekholm.
4:48 of 2nd period - Shot Misses the Net.
4:50 of 2nd period - Shot by Luke Kunin.
4:50 of 2nd period - Stopped by Cam Talbot without a rebound.
4:51 of 2nd period - Evgeny Kuznetsov wins face-off versus Aleksander Barkov in ANAHEIM zone.
5:07 of 2nd period - Aleksander Barkov is hit by Jake McCabe and loses puck.
5:22 of 2nd period - Shot by Steven Stamkos.
5:22 of 2nd period - Stopped by Cam Talbot without a rebound.
5:23 of 2nd period - Luke Kunin wins face-off versus Jason Zucker in ANAHEIM zone.
6:30 of 2nd period - Jake McCabe is hit by Steven Stamkos and loses puck.
6:51 of 2nd period - Icing by Nate Thompson.
6:52 of 2nd period - Nate Thompson wins face-off versus Derek Grant in ANAHEIM zone.
8:03 of 2nd period - Shot by Steven Stamkos.
8:03 of 2nd period - Stopped by Cam Talbot without a rebound.
8:04 of 2nd period - Jack Roslovic wins face-off versus Evgeny Kuznetsov in ANAHEIM zone.
8:28 of 2nd period - Shot by Kaapo Kakko.
8:28 of 2nd period - Stopped by Cam Talbot without a rebound.
8:29 of 2nd period - Luke Kunin wins face-off versus Pierre-Luc Dubois in ANAHEIM zone.
9:00 of 2nd period - Shot by Luke Kunin.
9:00 of 2nd period - Shot Misses the Net.
9:02 of 2nd period - Shot by Ben Chiarot.
9:02 of 2nd period - Shot Misses the Net.
9:04 of 2nd period - Shot by Luke Kunin.
9:04 of 2nd period - Shot Misses the Net.
9:06 of 2nd period - Shot by T.J. Oshie.
9:06 of 2nd period - Stopped by Cam Talbot without a rebound.
9:07 of 2nd period - Jason Zucker wins face-off versus Aleksander Barkov in ANAHEIM zone.
9:23 of 2nd period - Icing by Jake McCabe.
9:24 of 2nd period - Evgeny Kuznetsov wins face-off versus Sean Kuraly in ANAHEIM zone.
9:29 of 2nd period - Shot by Jason Zucker.
9:29 of 2nd period - Shot Misses the Net.
10:48 of 2nd period - Shot by Anthony Beauvillier.
10:48 of 2nd period - Stopped by Cam Talbot with a rebound.
11:33 of 2nd period - Shot by Andrew Shaw.
11:33 of 2nd period - Stopped by Mikko Koskinen with a rebound.
11:45 of 2nd period - Michael Frolik is hit by Mattias Ekholm and loses puck.
11:54 of 2nd period - Caleb Jones is hit by Anthony Beauvillier and loses puck.
12:08 of 2nd period - Icing by Mike Green.
12:09 of 2nd period - Luke Kunin wins face-off versus Nate Thompson in ANAHEIM zone.
13:12 of 2nd period - Shot by Jason Zucker.
13:12 of 2nd period - Stopped by Mikko Koskinen without a rebound.
13:13 of 2nd period - Pierre-Luc Dubois wins face-off versus Derek Grant in COLUMBUS zone.
13:36 of 2nd period - Cam Atkinson is hit by Joel Edmundson and loses puck.
14:49 of 2nd period - Off-side.
14:50 of 2nd period - Evgeny Kuznetsov wins face-off versus Aleksander Barkov in neutral zone.
14:55 of 2nd period - Shot by Evgeny Kuznetsov.
14:55 of 2nd period - Stopped by Mikko Koskinen without a rebound.
14:56 of 2nd period - Evgeny Kuznetsov wins face-off versus Anthony Beauvillier in COLUMBUS zone.
15:09 of 2nd period - Icing by Ben Chiarot.
15:10 of 2nd period - Nate Thompson wins face-off versus Steven Stamkos in COLUMBUS zone.
16:13 of 2nd period - Icing by Trevor van Riemsdyk.
16:14 of 2nd period - Evgeny Kuznetsov wins face-off versus Derek Grant in ANAHEIM zone.
16:24 of 2nd period - Cam Atkinson is hit by Jake McCabe and loses puck.
16:51 of 2nd period - Trevor van Riemsdyk is hit by Sean Kuraly and loses puck.
17:28 of 2nd period - Shot by Zach Sanford.
17:28 of 2nd period - Stopped by Mikko Koskinen without a rebound.
17:29 of 2nd period - Aleksander Barkov wins face-off versus Nate Thompson in COLUMBUS zone.
17:50 of 2nd period - Shot by Andrew Shaw.
17:50 of 2nd period - Shot Blocked by Ben Chiarot.
18:39 of 2nd period - Shot by Marcus Sorensen.
18:39 of 2nd period - Stopped by Cam Talbot with a rebound.
19:16 of 2nd period - Caleb Jones is hit by Erik Cernak and loses puck.
Goals for this period are 0 for ANAHEIM vs 1 for COLUMBUS.
Shots for this period are 6 for ANAHEIM vs 12 for COLUMBUS.

3rd period


0:01 of 3rd period - Anthony Beauvillier wins face-off versus Patric Hornqvist in neutral zone.
0:13 of 3rd period - Shot by Jason Zucker.
0:13 of 3rd period - Stopped by Mikko Koskinen without a rebound.
0:14 of 3rd period - Pierre-Luc Dubois wins face-off versus Luke Kunin in COLUMBUS zone.
0:18 of 3rd period - Pierre-Luc Dubois is hit by Ben Chiarot and loses puck.
0:51 of 3rd period - Shot by Luke Kunin.
0:51 of 3rd period - Stopped by Cam Talbot without a rebound.
0:52 of 3rd period - Steven Stamkos wins face-off versus Evgeny Kuznetsov in ANAHEIM zone.
1:23 of 3rd period - Shot by Jason Zucker.
1:23 of 3rd period - Shot Misses the Net.
1:56 of 3rd period - Minor Penalty to Mike Green for Interference.
1:57 of 3rd period - Luke Kunin wins face-off versus Michael Frolik in ANAHEIM zone.
2:26 of 3rd period - Shot by Jonathan Drouin.
2:26 of 3rd period - Stopped by Cam Talbot without a rebound.
2:27 of 3rd period - Aleksander Barkov wins face-off versus Evgeny Kuznetsov in ANAHEIM zone.
2:54 of 3rd period - Shot by John Carlson.
2:54 of 3rd period - Stopped by Cam Talbot without a rebound.
2:55 of 3rd period - Evgeny Kuznetsov wins face-off versus Luke Kunin in ANAHEIM zone.
2:55 of 3rd period - Evgeny Kuznetsov is hit by T.J. Oshie.
3:55 of 3rd period - Shot by John Carlson.
3:55 of 3rd period - Shot Misses the Net.
4:14 of 3rd period - Michael Frolik is hit by Erik Cernak and loses puck.
4:25 of 3rd period - Shot by Michael Frolik.
4:25 of 3rd period - Shot Misses the Net.
4:45 of 3rd period - Shot by Anton Stralman.
4:45 of 3rd period - Shot Misses the Net.
5:42 of 3rd period - Off-side.
5:43 of 3rd period - Nate Thompson wins face-off versus Luke Kunin in neutral zone.
5:45 of 3rd period - Caleb Jones is hit by Ben Chiarot and loses puck.
5:51 of 3rd period - Icing by Ben Chiarot.
5:52 of 3rd period - Pierre-Luc Dubois wins face-off versus Luke Kunin in COLUMBUS zone.
6:07 of 3rd period - Zach Sanford is hit by Luke Kunin and loses puck.
6:58 of 3rd period - Jonathan Drouin is hit by Nate Thompson and loses puck.
7:32 of 3rd period - Shot by Jason Zucker.
7:32 of 3rd period - Shot Misses the Net.
7:42 of 3rd period - Shot by Steven Stamkos.
7:42 of 3rd period - Shot Misses the Net.
8:00 of 3rd period - Andreas Athanasiou is hit by Steven Stamkos and loses puck.
9:32 of 3rd period - Icing by Erik Cernak.
9:33 of 3rd period - Andreas Athanasiou wins face-off versus Cam Atkinson in COLUMBUS zone.
9:40 of 3rd period - Shot by Andreas Athanasiou.
9:40 of 3rd period - Stopped by Mikko Koskinen without a rebound.
9:41 of 3rd period - Pierre-Luc Dubois wins face-off versus Jack Roslovic in COLUMBUS zone.
9:44 of 3rd period - Shot by Pierre-Luc Dubois.
9:44 of 3rd period - Shot Misses the Net.
9:54 of 3rd period - Shot by Jake McCabe.
9:54 of 3rd period - Stopped by Mikko Koskinen without a rebound.
9:55 of 3rd period - Luke Kunin wins face-off versus Nate Thompson in COLUMBUS zone.
9:55 of 3rd period - Luke Kunin is hit by Nate Thompson.
10:07 of 3rd period - Shot by Jonathan Drouin.
10:07 of 3rd period - Deflect By T.J. Oshie.
10:07 of 3rd period - Shot Misses the Net.
10:33 of 3rd period - Caleb Jones is hit by Jonathan Drouin and loses puck.
11:15 of 3rd period - Shot by Aleksander Barkov.
11:15 of 3rd period - Deflect By Steven Stamkos.
11:15 of 3rd period - Shot Misses the Net.
11:19 of 3rd period - Shot by Aleksander Barkov.
11:19 of 3rd period - Stopped by Cam Talbot without a rebound.
11:20 of 3rd period - Cam Atkinson wins face-off versus Patric Hornqvist in ANAHEIM zone.
11:41 of 3rd period - Shot by Patric Hornqvist.
11:41 of 3rd period - Deflect By Evgeny Kuznetsov.
11:41 of 3rd period - Stopped by Mikko Koskinen with a rebound.
11:43 of 3rd period - Shot by Patric Hornqvist.
11:43 of 3rd period - Deflect By Jason Zucker.
11:43 of 3rd period - Stopped by Mikko Koskinen without a rebound.
11:44 of 3rd period - Pierre-Luc Dubois wins face-off versus Aleksander Barkov in COLUMBUS zone.
11:48 of 3rd period - Minor Penalty to Ben Chiarot for Hooking.
11:49 of 3rd period - Pierre-Luc Dubois wins face-off versus Aleksander Barkov in COLUMBUS zone.
12:03 of 3rd period - Icing by Zach Sanford.
12:04 of 3rd period - Aleksander Barkov wins face-off versus Pierre-Luc Dubois in ANAHEIM zone.
12:05 of 3rd period - Shot by Steven Stamkos.
12:05 of 3rd period - Shot Misses the Net.
12:08 of 3rd period - Icing by Joel Edmundson.
12:09 of 3rd period - Aleksander Barkov wins face-off versus Pierre-Luc Dubois in ANAHEIM zone.
12:12 of 3rd period - Shot by Steven Stamkos.
12:12 of 3rd period - Shot Misses the Net.
12:21 of 3rd period - Icing by Joel Edmundson.
12:22 of 3rd period - Aleksander Barkov wins face-off versus Pierre-Luc Dubois in ANAHEIM zone.
12:50 of 3rd period - Shot by Anton Stralman.
12:50 of 3rd period - Shot Blocked by John Carlson.
13:10 of 3rd period - Shot by Patric Hornqvist.
13:10 of 3rd period - Shot Misses the Net.
13:12 of 3rd period - Shot by Evgeny Kuznetsov.
13:12 of 3rd period - Stopped by Mikko Koskinen without a rebound.
13:13 of 3rd period - Aleksander Barkov wins face-off versus Evgeny Kuznetsov in COLUMBUS zone.
13:39 of 3rd period - Shot by Evgeny Kuznetsov.
13:39 of 3rd period - Shot Misses the Net.
13:59 of 3rd period - Shot by Luke Kunin.
13:59 of 3rd period - Stopped by Cam Talbot without a rebound.
14:00 of 3rd period - Pierre-Luc Dubois wins face-off versus Derek Grant in ANAHEIM zone.
14:00 of 3rd period - Pierre-Luc Dubois is hit by Sean Kuraly.
14:01 of 3rd period - Minor Penalty to Sean Kuraly for Hooking.
14:02 of 3rd period - Pierre-Luc Dubois wins face-off versus T.J. Oshie in COLUMBUS zone.
15:49 of 3rd period - Shot by Anton Stralman.
15:49 of 3rd period - Stopped by Mikko Koskinen without a rebound.
15:50 of 3rd period - T.J. Oshie wins face-off versus Evgeny Kuznetsov in COLUMBUS zone.
16:12 of 3rd period - Off-side.
16:13 of 3rd period - Luke Kunin wins face-off versus Nate Thompson in neutral zone.
16:13 of 3rd period - Jacob Trouba is hit by Andrew Shaw and loses puck.
16:21 of 3rd period - Minor Penalty to Jacob Trouba for Holding.
16:22 of 3rd period - Patric Hornqvist wins face-off versus Aleksander Barkov in COLUMBUS zone.
16:33 of 3rd period - Shot by Anton Stralman.
16:33 of 3rd period - Shot Misses the Net.
16:45 of 3rd period - Shot by Jason Zucker.
16:45 of 3rd period - Deflect By Evgeny Kuznetsov.
16:45 of 3rd period - Shot Misses the Net.
16:49 of 3rd period - Shot by Anton Stralman.
16:49 of 3rd period - Shot Blocked by John Carlson.
16:51 of 3rd period - Shot by Anton Stralman.
16:51 of 3rd period - Stopped by Mikko Koskinen with a rebound.
17:31 of 3rd period - Shot by Andreas Athanasiou.
17:31 of 3rd period - Shot Blocked by Ryan Murray.
17:33 of 3rd period - Shot by Pierre-Luc Dubois.
17:33 of 3rd period - Shot Misses the Net.
18:23 of 3rd period - Icing by Caleb Jones.
18:24 of 3rd period - Jack Roslovic wins face-off versus Nate Thompson in ANAHEIM zone.
18:33 of 3rd period - Shot by Kaapo Kakko.
18:33 of 3rd period - Stopped by Cam Talbot without a rebound.
18:34 of 3rd period - Nate Thompson wins face-off versus Jack Roslovic in ANAHEIM zone.
18:45 of 3rd period - Shot by Michael Frolik.
18:45 of 3rd period - Deflect By Nate Thompson.
18:45 of 3rd period - Stopped by Mikko Koskinen without a rebound.
18:46 of 3rd period - Aleksander Barkov wins face-off versus Pierre-Luc Dubois in COLUMBUS zone.
18:54 of 3rd period - Minor Penalty to Jake McCabe for Holding.
18:55 of 3rd period - Evgeny Kuznetsov wins face-off versus Aleksander Barkov in ANAHEIM zone.
Goals for this period are 0 for ANAHEIM vs 0 for COLUMBUS.
Shots for this period are 9 for ANAHEIM vs 6 for COLUMBUS.

Overtime #1


0:01 of 1st overtime period - Aleksander Barkov wins face-off versus Evgeny Kuznetsov in neutral zone.
1:32 of 1st overtime period - Shot by Jack Roslovic.
1:32 of 1st overtime period - Shot Blocked by Mike Green.
2:12 of 1st overtime period - Shot by Evgeny Kuznetsov.
2:12 of 1st overtime period - Goal by Evgeny Kuznetsov - ANAHEIM : 3 - COLUMBUS : 2.
Goals for this period are 1 for ANAHEIM vs 0 for COLUMBUS.
Shots for this period are 1 for ANAHEIM vs 0 for COLUMBUS.